AoeStats
← One Bad Koala

Arabia

510113047Analyzed
1v1 RM · 1d ago on Sep 29, 2026· 59m 28s· 2 players
Game mode
Random Map
Map size
Tiny (2 player)
Population
200
Speed
Normal
Resources
Standard
Victory
Conquest
Starting age
Dark Age
Ending age
Imperial Age
RankedLock teamsTeams togetherTeam positionsShared explorationLock speedFull tech treeHidden civsTurbo modeCheats
Victory
Defeat
🇷🇺 Franks · Russia
1068
+15
🇺🇸 Varangians · United States
1044
-15
One Bad Koala
6:35 Loom
9:14 Feudal Age
10:33 Double-Bit Axe
16:12 Wheelbarrow
19:57 Castle Age
19:44 Bloodlines
19:38 Horse Collar
20:39 Gold Mining
21:05 Scale Barding Armor
21:11 Forging
36:58 Imperial Age
39:31 Squires
42:00 Fletching
42:11 Padded Archer Armor
42:32 Chain Barding Armor
42:47 Iron Casting
50:11 Murder Holes
51:38 Ballistics
ViZard
6:36 Loom
9:20 Feudal Age
10:36 Double-Bit Axe
15:30 Forging
17:02 Scale Barding Armor
22:14 Castle Age
21:08 Gold Mining
22:16 Scale Mail Armor
22:16 Pikeman
22:31 Light Cavalry
25:38 Husbandry
27:27 Iron Casting
28:20 Bow Saw
31:24 Chain Barding Armor
32:47 Chain Mail Armor
32:33 Padded Archer Armor
33:45 Squires
36:32 Leather Archer Armor
40:19 Gold Shaft Mining
39:34 Stone Mining
52:02 Imperial Age
50:10 Wheelbarrow
52:20 Cavalier
54:00 Plate Barding Armor
54:54 Conscription
Connection lost

Rejoining the realm…

Still unreachable

The connection could not be restored.

Session expired

The server has moved on; the page needs a fresh start.